AoeStats
← g.jiminy

Arena

509455317Analyzed
2v2 RM · 6d ago on Sep 26, 2026· 50m 6s· 4 players
Game mode
Random Map
Map size
Medium (4 player)
Population
200
Speed
Normal
Resources
Standard
Victory
Conquest
Starting age
Dark Age
Ending age
Imperial Age
RankedLock teamsTeams togetherTeam positionsShared explorationLock speedFull tech treeHidden civsTurbo modeCheats
Victory
Defeat
🇲🇽 Khmer · Mexico
1161
+15
🇹🇼 Danes · Taiwan
1115
+16
🇫🇷 Burgundians · France
1140
-16
🇧🇷 Vikings · Brazil
1120
-15
Chapola
8:47 Feudal Age
9:28 Double-Bit Axe
9:25 Horse Collar
17:20 Castle Age
15:30 Stone Mining
16:26 Fletching
17:35 Gold Mining
17:30 Crossbowman
19:04 Loom
19:23 Bodkin Arrow
21:57 Padded Archer Armor
27:05 Scale Mail Armor
27:15 Forging
32:09 Chain Mail Armor
32:30 Iron Casting
32:31 Squires
35:36 Imperial Age
35:42 Leather Archer Armor
35:15 Arson
35:41 Elite Varangian Guard
37:09 Bow Saw
38:39 Blast Furnace
38:58 Conscription
39:00 Town Watch
40:23 Elite Berserk
43:55 Plate Mail Armor
45:50 Man-at-Arms
46:39 Long Swordsman
47:16 Two-Handed Swordsman
48:00 Champion
dorshiffe10
4:45 Double-Bit Axe
9:43 Feudal Age
14:13 Castle Age
12:27 Horse Collar
14:26 Bow Saw
20:39 Gold Mining
20:51 Heavy Plow
21:32 Wheelbarrow
21:57 Town Watch
24:02 Two-Man Saw
24:52 Sanctity
25:45 Scale Barding Armor
26:04 Fervor
27:34 Crop Rotation
27:16 Guilds
27:37 Light Cavalry
31:14 Imperial Age
28:30 Loom
29:02 Hand Cart
29:21 Husbandry
30:59 Chain Barding Armor
30:50 Forging
32:44 Gold Shaft Mining
31:59 Stone Mining
32:11 Town Patrol
32:50 Plate Barding Armor
32:54 Hussar
34:46 Iron Casting
35:06 Onager
36:53 Blast Furnace
35:43 Fletching
36:40 Coinage
36:59 Burgundian Vineyards
37:16 Conscription
37:02 Capped Ram
38:06 Pikeman
38:47 Scale Mail Armor
46:28 Bodkin Arrow
Superpajarraco
7:50 Loom
10:43 Feudal Age
13:51 Castle Age
12:47 Double-Bit Axe
12:45 Horse Collar
14:58 Light Cavalry
18:35 Town Watch
21:05 Wheelbarrow
21:41 Gold Mining
22:22 Bow Saw
23:08 Gold Shaft Mining
27:09 Imperial Age
25:39 Bloodlines
25:29 Husbandry
26:19 Stone Mining
26:48 Heavy Plow
27:18 Ballistics
29:31 Scale Barding Armor
29:37 Forging
29:38 Siege Engineers
30:50 Hand Cart
31:47 Iron Casting
31:32 Chain Barding Armor
32:17 Heavy Scorpion
33:09 Hussar
35:34 Stone Shaft Mining
36:19 Plate Barding Armor
36:45 Blast Furnace
38:30 Conscription
39:25 Hoardings
41:44 Chemistry
40:55 Masonry
41:11 Double Crossbow
41:49 Hoardings
43:57 Architecture
43:26 Fletching
44:47 Bodkin Arrow
g.jiminy
10:26 Feudal Age
11:44 Horse Collar
11:52 Double-Bit Axe
14:44 Castle Age
15:49 Bow Saw
16:01 Heavy Plow
20:45 Wheelbarrow
22:35 Man-at-Arms
23:01 Gambesons
23:16 Squires
25:24 Hand Cart
26:06 Elite Skirmisher
29:02 Fletching
33:59 Imperial Age
31:16 Loom
31:39 Bodkin Arrow
33:02 Ballistics
32:59 Gold Mining
32:59 Stone Mining
35:52 Chemistry
34:15 Onager
34:21 Pikeman
34:46 Arson
35:18 Forging
35:08 Scale Mail Armor
36:24 Conscription
35:26 Hamask
36:27 Long Swordsman
38:26 Iron Casting
38:07 Chain Mail Armor
37:27 Two-Handed Swordsman
37:50 Northmen's Fury
37:53 Hamask
40:37 Champion
42:24 Blast Furnace
41:54 Plate Mail Armor
41:46 Halberdier
44:17 Masonry
49:45 Siege Engineers
Connection lost

Rejoining the realm…

Still unreachable

The connection could not be restored.

Session expired

The server has moved on; the page needs a fresh start.